 Dungeon Crawl Stone Soup version 0.30-a0-618-gd6c86c23d0 (webtiles) character file.

Game seed: 1141296272132828133

61 ytrimaz the Trooper (level 4, 38/38 HPs)
             Began as a Formicid Fighter on Jan 9, 2023.
             Quit the game on level 2 of the Dungeon.
             The game lasted 00:01:09 (1158 turns).

ytrimaz the Trooper (Formicid Fighter)              Turns: 1158, Time: 00:01:09

Health: 38/38      AC:  6    Str: 22    XL:     4   Next: 27%
Magic:  4/4        EV:  9    Int:  8    God:
Gold:   90         SH:  5    Dex: 13    Spells: 3/3 levels left

rFire   . . .      SeeInvis +    a - +0 war axe
rCold   . . .      Faith    .    c - +0 buckler
rNeg    . . .      Spirit   .    b - +0 scale mail
rPois   .          Reflect  .    (helmet unavailable)
rElec   .          Harm     .    (no cloak)
rCorr   .          Rampage  .    (no gloves)
Will    .....                    (no boots) Stlth
                                 (no amulet)
HPRegen 0.26/turn                (no ring)
MPRegen 0.09/turn                (no ring)

@: no status effects
A: permanent stasis, dig shafts and tunnels, antennae 3, four strong arms
a: Dig, Shaft Self


You were on level 2 of the Dungeon.
You visited 1 branch of the dungeon, and saw 2 of its levels.

You collected 90 gold pieces.


Innate Abilities, Weirdness & Mutations

You cannot be hasted, slowed, berserked, paralysed or teleported.
You can dig through walls and to a lower floor.
You have a pair of large antennae on your head. (SInv)
Your four strong arms can wield two-handed weapons with a shield.


   Skills:
 + Level 4.4 Fighting
 + Level 3.2 Axes
 - Level 3.2 Armour
 - Level 4.0 Shields


You had 3 spell levels left.
You didn't know any spells.
Your spell library contained the following spells:

 Spells                   Type           Power      Damage    Failure   Level
 Summon Small Mammal      Summ           0%         N/A       80%         1
 Call Canine Familiar     Summ           0%         N/A       99%         3
 Summon Guardian Golem    Hex/Summ       0%         N/A       99%         3

Inventory:

Hand Weapons
 a - a +0 war axe (weapon)
Armour
 b - a +0 scale mail (worn)
 c - a +0 buckler (worn)
Scrolls
 e - 3 scrolls of teleportation {unknown}
 f - 2 scrolls of magic mapping {unknown}
 i - 2 scrolls of identify {unknown}
 j - a scroll of noise {unknown}
 k - a scroll of acquirement {unknown}
Potions
 d - a potion of might
 g - a potion of brilliance {unknown}
 h - 2 potions of heal wounds {unknown}

Dungeon Overview and Level Annotations

Branches:
Dungeon (2/15) Zot: 10809

Altars:

#### ### #.. ..# ###
#####.#
#.#####.####...#.#
.........##......#####
#.###.....#..........#
#.###....##......###.###
#............<.#@.......
..###.#.############.###
#.###.#.# #.. ......#+##
#.# ..####...## #.#
#####.....## #.##
##.<.....## #..##
###.........####...#####
..+.........'...........


There were no monsters in sight!


Message History

The rat bites you but does no damage.
You completely miss the rat. The rat closely misses you. x2
You slash the rat!
You kill the rat!
No target in view!
No target in view!
No target in view!
No target in view!
No target in view!
No target in view!
No target in view!
e - 3 scrolls labelled PUMEOCODGHON (gained 1)
A dart slug comes into view.
A dart slug is nearby!
A dart slug is nearby!
A dart slug is nearby!
The dart slug barely misses you.
You slash the dart slug!
You kill the dart slug!
No target in view!
No target in view!
No target in view!
No target in view!
No target in view!
No target in view!
No target in view!
A goblin and a giant cockroach come into view.
The goblin shouts!
You see here a scroll labelled LOLOETT EJ JANEOT.
There are monsters nearby!
There are monsters nearby!
The giant cockroach closely misses you. You block the goblin's attack.
The giant cockroach bites you but does no damage.
You hit the goblin.
You kill the goblin!
You closely miss the giant cockroach.
The giant cockroach bites you but does no damage.
You closely miss the giant cockroach. You block the giant cockroach's attack.
The giant cockroach bites you but does no damage.
You hit the giant cockroach.
The giant cockroach bites you but does no damage.
The giant cockroach barely misses you.
You hit the giant cockroach.
You kill the giant cockroach!
No target in view!
No target in view!
No target in view!
No target in view!
No target in view!
No target in view!
No target in view!
No target in view!
No target in view!
No target in view!
j - a scroll labelled LOLOETT EJ JANEOT
Found a stone staircase leading down.
Key pressed, stopping explore.
You see here a ball python skeleton.
Key pressed, stopping explore.
You see here a +0 short sword.
Key pressed, stopping explore.
Key pressed, stopping explore.
You see here a +0 short sword.
There is a stone staircase leading down here.
Done exploring.
Unknown command.
There is a stone staircase leading down here.
You climb downwards.
There is a stone staircase leading up here.
You now have 83 gold pieces (gained 17).
You open the door.
There is an open door here.
k - a scroll labelled RAINWO PAPIYBOD You now have 86 gold pieces (gained 3).
You sense a monster nearby.
Jessica the Apprentice Sorceress comes into view.
She is wielding a +0 club.
Jessica shouts!
You block Jessica's attack.
You slash Jessica!
Jessica casts a spell.
Jessica blinks!
You block Jessica's attack.
You slash Jessica!
You kill Jessica!
Your Axes skill increases to level 3!
You have reached level 4!
You feel clever. 😎 HP[+8] MP[+1]
You now have 38 max hp (+8).
Your hp is fully restored (38).
Your mp is fully restored (4).
Things that are here:
a +0 club; a +0 robe; the human corpse of Jessica You now have 90 gold pieces (gained 4).
You see here a +0 ring mail.
Key pressed, stopping explore.
i - 2 scrolls labelled POLINO YNEOPNI (gained 1)
Found a stone staircase leading up.
You pick up a book of Callings and begin reading...
You add the spells Summon Small Mammal, Call Canine Familiar and Summon Guardian Golem to your library.
Are you sure you want to abandon this character and quit the game? (Confirm with "yes".)

Skill      XL: |  1  2  3 |
---------------+----------+-----
Fighting       | 4 |  4.4
Axes           | 3 |  3.2
Armour         | |  3.2
Shields        | |  4.0

Action                   |  1- 3 |  4- 6 || total
-------------------------+-------+-------++-------
Melee: War axe           |    80 |       ||    80
Armor: Scale mail        |    44 |       ||    44
Dodge: Dodged            |    47 |       ||    47
Block: Buckler           |    35 |       ||    35

Levels and vault maps discovered:
D:1:      onia_arrival_mini_maze, layout_basic, dreamdust_wishing_well,
          serial_park_tiny_2, glass_columns_c
D:2:      layout_loops_corners, amcnicky_mini_corridor_feature, uniq_sigmund,
          uniq_jessica, uniq_robin

Notes
Turn   | Place    | Note
-------+----------+-------------------------------------------
     0 | D:1      | ytrimaz the Formicid Fighter began the quest for the Orb.
     0 | D:1      | Reached XP level 1. HP: 18/18 MP: 1/1
     0 | D:1      | magus.rc [v1.9.6]
   167 | D:1      | Reached XP level 2. HP: 24/24 MP: 2/2
   369 | D:1      | Reached XP level 3. HP: 26/30 MP: 3/3
   409 | D:1      | Reached skill level 4 in Fighting
  1084 | D:2      | Noticed Jessica
  1089 | D:2      | Killed Jessica
  1090 | D:2      | Reached skill level 3 in Axes
  1090 | D:2      | Reached XP level 4. HP: 38/38 MP: 4/4
  1157 | D:2      | You pick up a book of Callings and begin reading...
  1157 | D:2      | You add the spells Summon Small Mammal, Call Canine
                  | Familiar and Summon Guardian Golem to your library.
  1158 | D:2      | Quit the game

Vanquished Creatures
  Jessica (D:2)
  A dart slug (D:1)
  6 bats (D:1)
  2 endoplasms (D:1)
  A giant cockroach (D:1)
  4 goblins (D:1)
  3 hobgoblins (D:1)
  A quokka (D:1)
  5 ball pythons (D:1)
  4 frilled lizards (D:1)
  A kobold (D:1)
  5 rats (D:1)
34 creatures vanquished.

Table legend:
 A = Non-vault XP
 B = Vault XP
 C = Vault XP percentage of total XP
 D = Non-vault monster count
 E = Vault monster count
 F = Vault count percentage of total count
                 A         B        C        D         E       F
            +---------+---------+-------+---------+---------+-------
      Total |      50 |      38 |  43.2 |      32 |       2 |   5.9
            +---------+---------+-------+---------+---------+-------
        D:1 |      50 |       1 |   2.0 |      32 |       1 |   3.0
        D:2 |       0 |      37 | 100.0 |       0 |       1 | 100.0
            +---------+---------+-------+---------+---------+-------

Illustrated notes

Table legend:
 A = Kills in this place as a percentage of kills in entire the game.
 B = Kills by you in this place as a percentage of kills by you in the entire game.
 C = Kills by friends in this place as a percentage of kills by friends in the entire game.
 D = Other kills in this place as a percentage of other kills in the entire game.
 E = Experience gained in this place as a percentage of experience gained in the entire game.
 F = Experience gained in this place divided by the number of levels of this place that you have seen.
                   A       B       C       D       E      F
               +-------+-------+-------+-------+-------+----------------------
         Total | 100.0 | 100.0 |   N/A |   N/A | 100.0 |  44.0
       Dungeon | 100.0 | 100.0 |   N/A |   N/A | 100.0 |  44.0
               +-------+-------+-------+-------+-------+----------------------

Table legend: (Time is in decaauts)
 A = Elapsed time spent in this place.
 B = Non-inter-level travel time spent in this place.
 C = Inter-level travel time spent in this place.
 D = Time resting spent in this place.
 E = Time spent auto-exploring this place.
 F = Levels seen in this place.
 G = Mean time per level.
                   A        B        C        D        E       F      G
               +--------+--------+--------+--------+--------+-----+--------+
         Total |   1190 |   1162 |     28 |      0 |    946 |   2 |  595.0 |
       Dungeon |   1190 |   1162 |     28 |      0 |    946 |   2 |  595.0 |
               +--------+--------+--------+--------+--------+-----+--------+

Top non-repeatable levels by time:
     D:1: 1058 daAuts
     D:2: 132 daAuts
